 Dungeon Crawl Stone Soup version 0.30-a0-358-g0d69a1922f (webtiles) character file.

Game seed: 5379557372718480766

2567 hikkokomori the Destroyer (level 9, -10/49 HPs)
             Began as a Gargoyle Conjurer on Nov 11, 2022.
             Was an Initiate of Gozag.
             Mangled by a two-headed ogre
             ... wielding a +0 giant club
              (33 damage)
             ... on level 9 of the Dungeon.
             The game lasted 00:20:30 (8125 turns).

hikkokomori the Destroyer (Gargoyle Conjurer)       Turns: 8125, Time: 00:20:31

Health: -10/49     AC:  8    Str: 12    XL:     9   Next: 57%
Magic:  1/16       EV: 11    Int: 22    God:    Gozag
Gold:   1007       SH:  0    Dex:  8    Spells: 4/18 levels left

rFire   . . .      SeeInvis +    m - +2 hand axe (venom)
rCold   + . .      Faith    .    (no shield)
rNeg    + . .      Spirit   .    a - +0 robe
rPois   ∞          Reflect  .    (no helmet)
rElec   +          Harm     .    (no cloak)
rCorr   .          Rampage  .    (no gloves)
Will    .....                    (no boots)
Stlth   ++........               (no amulet)
HPRegen 0.28/turn                d - ring of protection from cold
MPRegen 0.15/turn                u - ring of see invisible

@: no status effects
A: sickness immunity, AC +6, negative energy resistance 1, electricity
resistance, torment resistance 1, petrification resistance
a: Renounce Religion, Potion Petition, Call Merchant, Bribe Branch


You were on level 9 of the Dungeon.
You worshipped Gozag.
Gozag was most pleased with you.
You visited 2 branches of the dungeon, and saw 9 of its levels.

You collected 1385 gold pieces.
You spent 330 gold pieces at shops.
You paid 48 gold pieces to Gozag.

Inventory:

Hand Weapons
 c - a +0 dagger
 k - a +0 trident
 m - a +2 hand axe of venom (weapon)
 n - a +2 dagger of electrocution
 v - a +0 morningstar of draining
Armour
 a - a +0 robe (worn)
 o - a +0 leather armour
Jewellery
 d - a ring of protection from cold (left hand)
 u - a ring of see invisible (right hand)
 A - a +4 ring of protection
Wands
 e - a wand of iceblast (19)
 G - a wand of polymorph (6)
Scrolls
 j - a scroll of vulnerability {unknown}
 l - 2 scrolls of amnesia
 p - a scroll of blinking {unknown}
 q - a scroll of silence
 t - 2 scrolls of enchant armour
 w - a scroll of poison
 y - a scroll of magic mapping {unknown}
 z - 3 scrolls of torment
 C - a scroll of fog
 D - a scroll of fear
 E - 3 scrolls of teleportation
 F - a scroll of identify
 I - 3 scrolls of enchant weapon {unknown}
Potions
 b - 3 potions of magic
 f - a potion of lignification {unknown}
 g - 4 potions of heal wounds
 h - 4 potions of curing
 i - 2 potions of resistance
 r - 2 potions of invisibility
 s - 2 potions of haste {unknown}
 x - a potion of mutation {unknown}
 B - a potion of flight {unknown}
 H - a potion of might {unknown}


   Skills:
 - Level 2.7 Fighting
 - Level 0.5 Maces & Flails
 - Level 1.5 Dodging
 - Level 2.1 Stealth
 - Level 5.1 Spellcasting
 + Level 10.4 Conjurations
 + Level 6.4 Hexes


You had 4 spell levels left.
You knew the following spells:

 Your Spells              Type           Power      Damage    Failure   Level
a - Magic Dart            Conj           100%       1d8       1%          1
b - Searing Ray           Conj           100%       2d8       1%          2
c - Fulminant Prism       Conj/Hex       21%        3d12      3%          4
d - Dazzling Flash        Conj/Hex       84%        N/A       1%          3
e - Iskenderun's Mystic   Conj/Tloc      28%        2d7       12%         4

Your spell library contained the following spells:

 Spells                   Type           Power      Damage    Failure   Level
 Summon Guardian Golem    Hex/Summ       19%        N/A       9%          3
 Summon Small Mammal      Summ           20%        N/A       10%         1
 Call Canine Familiar     Summ           5%         N/A       30%         3


Dungeon Overview and Level Annotations

Branches:
Dungeon (9/15)             Temple (1/1) D:4            Lair (0/5) D:9
    Orc (0/2) D:9

Altars:
Ashenzari
Cheibriados
Dithmenos
Elyvilon
Fedhas
Gozag
Hepliaklqana
Makhleb
Okawaru
Qazlal
Ru
Sif Muna
Trog
Uskayaw
Vehumet
Xom
Yredelemnul
Zin
The Shining One

Shops:
D:1 ?


Innate Abilities, Weirdness & Mutations

You are immune to sickness and miasma.
Your stone body is resilient. (AC +6)
You are immune to poison.
You resist negative energy. (rN+)
You are resistant to electric shocks. (rElec)
You are resistant to unholy torment.
You are immune to petrification.


Message History

Your fulminant prism crackles loudly.
Your fulminant prism explodes!
The blast of energy engulfs the two-headed ogre!
The two-headed ogre is moderately wounded.
Casting: Fulminant Prism (dangerous; 3% risk of failure)
Confirm with . or Enter, or press ? or * to list all spells.
Aiming: Fulminant Prism (dangerous; 3% risk of failure)
Press: ? - help, Dir - move target You conjure a prism of explosive energy!
A fulminant prism comes into view.
Your fulminant prism crackles loudly.
The two-headed ogre attacks as you move away!
The two-headed ogre hits you with a +0 giant club.
The two-headed ogre completely misses you.
Your fulminant prism explodes!
The blast of energy engulfs the two-headed ogre!!
The two-headed ogre is severely wounded.
Casting: Fulminant Prism (dangerous; 3% risk of failure)
Confirm with . or Enter, or press ? or * to list all spells.
Aiming: Fulminant Prism (dangerous; 3% risk of failure)
Press: ? - help, Dir - move target You conjure a prism of explosive energy!
A fulminant prism comes into view.
Your fulminant prism crackles loudly.
Your fulminant prism explodes!
The blast of energy engulfs the two-headed ogre!!
The two-headed ogre is almost dead.
Casting: Fulminant Prism (dangerous; 3% risk of failure)
Confirm with . or Enter, or press ? or * to list all spells.
Aiming: Fulminant Prism (dangerous; 3% risk of failure)
Press: ? - help, Dir - move target You conjure a prism of explosive energy!
A fulminant prism comes into view.
The two-headed ogre hits you but does no damage.
The two-headed ogre hits you with a +0 giant club!!
The two-headed ogre attacks as you move away!
The two-headed ogre hits you with a +0 giant club!!
Ouch! That really hurt!
You die...
Your body crumbles into a pile of gold.

............# #....#
............# #....#
............# ##..######
............# ##..#.....
............# #...'.....
............##### #...#.....
....#'####'##...# #...#.....
)...#.....))....######'##.....
....).))..))))>#@O........)...
...)#..##.)##))............^..
..).########.....*..).........
....# ......##8+8#####8'8##...
....# ......#......8......# ..
....# ..... #.............# .
....# ..... #...⌠.._..⌠...#
....# .... #.............#
....# #### #......>......#


You could see a two-headed ogre (ally target) and a friendly fulminant prism.

Vanquished Creatures
  A wyvern (D:9)
  4 yaks (D:9)
  A water moccasin (D:6)
  5 orc warriors (D:9)
  2 ice beasts (D:6)
  2 ogres (D:4)
  A phantom (D:5)
  A necrophage (D:6)
  2 scorpions
  A howler monkey (D:6)
  4 orc priests
  4 hounds (D:5)
  2 jellies
  An iguana (D:5)
  An orc wizard (D:6)
  Robin (D:3)
  14 adders
  2 white imps (D:5)
  2 ufetubi (D:5)
  3 worms
  3 dart slugs
  27 orcs
  7 endoplasms
  5 giant cockroaches
  13 goblins
  5 hobgoblins
  8 jackals
  11 kobolds
  5 quokkas
  10 ball pythons
  6 bats
  3 frilled lizards
  6 rats
  A spectral kobold (D:2)
164 creatures vanquished.

Vanquished Creatures (others)
  27 fulminant prisms
  27 plants (D:5)
54 creatures vanquished.

Grand Total: 218 creatures vanquished

Notes
Turn   | Place    | Note
-------+----------+-------------------------------------------
     0 | D:1      | hikkokomori the Gargoyle Conjurer began the quest for the
                  | Orb.
     0 | D:1      | Reached XP level 1. HP: 10/10 MP: 3/3
   148 | D:1      | Found Ufob's Magic Scroll Emporium.
   258 | D:1      | Reached XP level 2. HP: 15/15 MP: 1/5
   662 | D:1      | Learned a level 2 spell: Searing Ray
   953 | D:1      | Reached XP level 3. HP: 19/19 MP: 3/6
  1120 | D:2      | Reached skill level 5 in Conjurations
  1580 | D:2      | Reached XP level 4. HP: 24/24 MP: 4/8
  1585 | D:2      | Learned a level 4 spell: Fulminant Prism
  1973 | D:2      | Found a faded altar of an unknown god.
  2345 | D:3      | Noticed Robin
  2353 | D:2      | Reached XP level 5. HP: 16/28 MP: 3/9
  2538 | D:3      | Reached skill level 1 in Hexes
  2666 | D:3      | Reached skill level 6 in Conjurations
  3212 | D:3      | Killed Robin
  3335 | D:3      | Found a glowing golden altar of the Shining One.
  3615 | D:4      | Noticed an ogre
  3617 | D:4      | Reached XP level 6. HP: 32/32 MP: 8/11
  3804 | D:4      | Learned a level 3 spell: Dazzling Flash
  3850 | D:4      | Found a staircase to the Ecumenical Temple.
  3860 | Temple   | Entered the Ecumenical Temple
  3894 | Temple   | Became a worshipper of Gozag Ym Sagoz the Greedy
  3914 | D:5      | Entered Level 5 of the Dungeon
  3925 | D:4      | Found a shimmering blue altar of Sif Muna.
  4015 | D:4      | Reached skill level 7 in Conjurations
  4015 | D:4      | Reached XP level 7. HP: 15/36 MP: 3/13
  4297 | D:4      | Found an iron altar of Okawaru.
  4310 | D:4      | Found a burning altar of Makhleb.
  4983 | D:5      | Found a radiant altar of Vehumet.
  5339 | D:5      | Reached skill level 8 in Conjurations
  5710 | D:1      | Bought a scroll of identify for 24 gold pieces
  5710 | D:1      | Bought a scroll of noise for 12 gold pieces
  5710 | D:1      | Bought a scroll of fog for 48 gold pieces
  5710 | D:1      | Bought a scroll of fear for 48 gold pieces
  5710 | D:1      | Bought a scroll of amnesia for 48 gold pieces
  5710 | D:1      | Bought a scroll of teleportation for 36 gold pieces
  5710 | D:1      | Bought a scroll of brand weapon for 114 gold pieces
  5710 | D:1      | Identified a scroll of acquirement
  5723 | D:1      | Learned a level 4 spell: Iskenderun's Mystic Blast
  5725 | D:1      | Acquired 571 gold pieces
  5947 | D:6      | Reached skill level 1 in Fighting
  5947 | D:6      | Reached XP level 8. HP: 43/43 MP: 7/14
  6527 | D:6      | Reached skill level 5 in Spellcasting
  7080 | D:7      | Noticed a yak
  7085 | D:7      | Noticed a yak
  7085 | D:7      | Noticed a yak
  7086 | D:7      | Noticed a yak
  7167 | D:7      | You fall into a shaft and drop 2 floors!
  7167 | D:9      | Found a staircase to the Lair.
  7234 | D:9      | Noticed a wyvern
  7240 | D:9      | Killed a wyvern
  7516 | D:9      | Reached skill level 9 in Conjurations
  7658 | D:9      | Reached skill level 5 in Hexes
  7658 | D:9      | Reached XP level 9. HP: 45/49 MP: 5/16
  7777 | D:9      | Reached skill level 10 in Conjurations
  8020 | D:9      | Found a staircase to the Orcish Mines.
  8113 | D:9      | Noticed a two-headed ogre
  8125 | D:9      | Mangled by a two-headed ogre

Illustrated notes

Levels and vault maps discovered:
D:1:      lightli_arrival_isolated_outpost, layout_loops_ring, serial_shops,
          nicolae_shop_crystal
D:2:      layout_loops_corners, dreamdust_ecumenical_altar_drowned_temple,
          chequers_serial_rivers_small_3
D:3:      layout_rooms, mainiacjoe_overflow_24_doors, minivault_25, uniq_robin
D:4:      layout_gridville, general_overflow_altar,
          nicolae_sif_muna_condensation, nicolae_overflow_hidden_temple,
          minmay_temple_entry_grid, eino_tiny_chamber, chequers_avenue
D:5:      minmay_evil_eye, layout_basic, mainiacjoe_overflow_boulevard,
          serial_bayou_lagoon_a
D:6:      layout_gridville, hangedman_decor_clover_reticule
D:7:      layout_basic, uniq_maggie, uniq_crazy_yiuf_cottage
D:9:      layout_gridville, mainiacjoe_overflow_concentric_impassable,
          lair_entry_dummy, david_orc_5, nicolae_figureground_pulse
Temple:   nicolae_temple_ecumenical_triangle

Skill      XL: |  1  2  3  4  5  6  7  8  9 |
---------------+----------------------------+-----
Conjurations   | 5 6 7 8 9 10 | 10.4
Spellcasting   | 3 4 5 |  5.1
Hexes          | 1 2 3 5 6 |  6.4
Fighting       | 1 2 |  2.7
Maces & Flails | |  0.5
Dodging        | |  1.5
Stealth        | |  2.1

Action                   |  1- 3 |  4- 6 |  7- 9 || total
-------------------------+-------+-------+-------++-------
Melee: Trident           |       |     4 |       ||     4
       Hand axe          |       |    58 |    59 ||   117
 Cast: Magic Dart        |    60 |   101 |    67 ||   228
       Searing Ray       |       |     2 |    17 ||    19
       Fulminant Prism   |       |     2 |    26 ||    28
       Dazzling Flash    |       |       |     1 ||     1
  Use: Potion            |       |     1 |       ||     1
       Scroll            |       |       |    13 ||    13
 Stab: Invisible         |       |       |     1 ||     1
       Sleeping          |       |       |     1 ||     1
Armor: Robe              |     1 |    30 |    31 ||    62
Dodge: Dodged            |     4 |    67 |    73 ||   144

Table legend: (Time is in decaauts)
 A = Elapsed time spent in this place.
 B = Non-inter-level travel time spent in this place.
 C = Inter-level travel time spent in this place.
 D = Time resting spent in this place.
 E = Time spent auto-exploring this place.
 F = Levels seen in this place.
 G = Mean time per level.
                   A        B        C        D        E       F      G
               +--------+--------+--------+--------+--------+-----+--------+
         Total |   8198 |   7694 |    504 |    815 |   5668 |   9 |  910.9 |
       Dungeon |   8158 |   7692 |    466 |    815 |   5668 |   8 | 1019.8 |
        Temple |     39 |      1 |     38 |      0 |      0 |   1 |   39.0 |
               +--------+--------+--------+--------+--------+-----+--------+

Top non-repeatable levels by time:
     D:2: 1531 daAuts
     D:6: 1297 daAuts
     D:3: 1208 daAuts
     D:5: 1187 daAuts
     D:1: 1152 daAuts
     D:9: 963 daAuts
     D:4: 743 daAuts
     D:7: 74 daAuts
  Temple: 39 daAuts
